AoeStats
← JustinMerendino

African Clearing

504013010Analyzed
4v4 RM · 29d ago on Sep 3, 2026· 42m 41s· 8 players
Game mode
Random Map
Map size
Large (8 player)
Population
200
Speed
Normal
Resources
Standard
Victory
Conquest
Starting age
Dark Age
Ending age
Imperial Age
RankedLock teamsTeams togetherTeam positionsShared explorationLock speedFull tech treeHidden civsTurbo modeCheats
Victory
Defeat
🇩🇪 Armenians · Germany
1093
+13
🇬🇧 Chinese · United Kingdom
1043
+16
🇦🇺 Persians · Australia
1042
+16
🇦🇺 Portuguese · Australia
1019
+17
🇹🇼 Franks · Taiwan
1138
-21
🇹🇼 Sicilians · Taiwan
1036
-15
🇨🇳 Mongols · China
1007
-14
🇹🇼 Huns · Taiwan
963
-12
GG豪大
6:10 Loom
16:06 Feudal Age
17:59 Bloodlines
21:39 Scale Barding Armor
21:45 Forging
30:58 Castle Age
30:00 Stone Mining
31:18 Elite Skirmisher
34:16 Padded Archer Armor
35:52 Horse Collar
37:04 Leather Archer Armor
40:02 Wheelbarrow
41:09 Double-Bit Axe
東塔取蜜
12:43 Loom
15:08 Feudal Age
17:01 Double-Bit Axe
17:00 Horse Collar
17:26 Stone Mining
18:31 Horse Collar
19:32 Scale Mail Armor
18:54 Man-at-Arms
22:15 Forging
26:55 Gold Mining
30:00 Castle Age
30:06 Fletching
30:19 Padded Archer Armor
30:55 Bodkin Arrow
31:01 Gold Mining
32:21 Leather Archer Armor
31:27 Elite Skirmisher
34:58 Chain Mail Armor
35:19 Iron Casting
41:55 Wheelbarrow
42:27 Bow Saw
42:19 Heavy Plow
世紀垃圾
4:46 Loom
9:25 Loom
14:52 Feudal Age
19:53 Castle Age
18:59 Double-Bit Axe
21:00 Gold Mining
23:16 Bow Saw
28:25 Scale Barding Armor
30:51 Chain Barding Armor
37:01 Imperial Age
36:44 Wheelbarrow
37:32 Cavalier
39:48 Plate Barding Armor
40:51 Chemistry
40:54 Conscription
_xy_2252
3:42 Loom
3:42 Loom
15:26 Feudal Age
16:48 Wheelbarrow
16:14 Double-Bit Axe
19:13 Castle Age
17:43 Stone Mining
18:36 Town Watch
20:46 Stone Shaft Mining
21:21 Gold Mining
22:09 Bow Saw
21:40 Horse Collar
23:25 Hand Cart
23:26 Heavy Plow
26:28 Fletching
30:36 Gold Shaft Mining
33:39 Imperial Age
31:39 Padded Archer Armor
32:19 Bodkin Arrow
32:40 Leather Archer Armor
BuLuTBeY
3:37 Loom
17:21 Feudal Age
17:57 Double-Bit Axe
18:19 Horse Collar
20:06 Stone Mining
23:27 Castle Age
21:29 Gold Mining
22:52 Wheelbarrow
24:47 Bow Saw
24:40 Heavy Plow
25:50 Fletching
32:42 Hand Cart
32:13 Town Watch
33:09 Bodkin Arrow
33:15 Scale Mail Armor
33:25 Forging
36:43 Imperial Age
34:43 Chain Mail Armor
34:26 Gambesons
34:02 Man-at-Arms
34:43 Squires
34:29 Arson
35:39 Iron Casting
34:54 Long Swordsman
36:06 Masonry
36:03 Two-Handed Swordsman
36:48 Champion
37:38 Fereters
37:54 Conscription
38:09 Plate Mail Armor
38:50 Blast Furnace
mservett
4:37 Loom
15:29 Feudal Age
15:56 Double-Bit Axe
16:04 Gold Mining
20:35 Castle Age
18:37 Stone Mining
20:33 Fletching
20:44 Padded Archer Armor
22:06 Stone Shaft Mining
22:07 Gold Shaft Mining
21:45 Bow Saw
24:17 Town Watch
27:29 Horse Collar
30:46 Bodkin Arrow
31:17 Heavy Plow
32:27 Wheelbarrow
34:56 Hand Cart
34:41 Town Patrol
37:38 Ballistics
37:14 Murder Holes
41:03 Imperial Age
40:16 Leather Archer Armor
42:07 Conscription
41:16 Elite Chu Ko Nu
42:01 Bracer
42:32 Ring Archer Armor
43:52 Chemistry
bandagedhand
6:01 Loom
13:32 Feudal Age
15:03 Town Watch
19:44 Castle Age
21:13 Gold Mining
23:10 Horse Collar
30:20 Imperial Age
30:54 Double-Bit Axe
31:12 Heavy Plow
31:56 Scale Barding Armor
38:47 Fletching
40:11 Bow Saw
41:45 Two-Man Saw
41:12 Bloodlines
40:23 Light Cavalry
41:06 Husbandry
41:37 Pikeman
42:24 Heavy Scorpion
JustinMerendino
7:15 Loom
16:13 Feudal Age
16:49 Double-Bit Axe
16:46 Horse Collar
19:23 Wheelbarrow
21:25 Town Watch
21:35 Fletching
22:40 Arson
24:55 Padded Archer Armor
27:33 Castle Age
28:33 Hand Cart
27:50 Crossbowman
28:35 Thumb Ring
30:03 Town Patrol
33:31 Leather Archer Armor
33:12 Bodkin Arrow
39:34 Scale Mail Armor
Connection lost

Rejoining the realm…

Still unreachable

The connection could not be restored.

Session expired

The server has moved on; the page needs a fresh start.